 Dungeon Crawl Stone Soup version 0.16.1-4-g8e1b745 (webtiles) character file.

91 inmateoo the Caller (level 4, -5/44 HPs)
             Began as an Ogre Summoner on Mar 27, 2015.
             Killed from afar by inmateoo's ghost (8 damage)
             ... with a stone arrow
             ... on level 3 of the Dungeon.
             The game lasted 00:05:06 (3097 turns).

inmateoo the Caller (Ogre Summoner)                 Turns: 3097, Time: 00:05:06

Health: -5/44      AC:  4    Str: 14    XL:     4   Next: 59%
Magic:  2/8        EV: 10    Int: 14    God:
Gold:   80         SH:  0    Dex: 10    Spells: 3 memorised, 1 level left

rFire  . . .     SeeInvis .     j - +0 mace
rCold  . . .     Clarity  .     a - +0 robe
rNeg   . . .     SustAb   .     (shield restricted)
rPois  .         Gourm    .     (helmet restricted)
rElec  .         Spirit   .     f - +1 cloak
rCorr  .         Warding  .     (gloves unavailable)
rMut   .         Stasis   .     (boots unavailable)
MR     .....                    (no amulet)
Stlth  ..........               (no ring)
                                i - ring of loudness

@: very slightly contaminated, not resistant to hostile enchantments, extremely
unstealthy
A: unfitting armour, deformed body, tough skin 1
a: no special abilities


You were on level 3 of the Dungeon.
You were not hungry.

You visited 1 branch of the dungeon, and saw 3 of its levels.

You collected 80 gold pieces.

Inventory:

Hand weapons
 j - a +0 mace (weapon)
Armour
 a - a +0 robe (worn)
 f - a +1 cloak (worn)
Jewellery
 i - a ring of loudness (left hand)
Scrolls
 m - 2 scrolls of remove curse
 o - a scroll of fear {unknown}
Potions
 d - a potion of haste
 e - a potion of degeneration {unknown}
 g - a potion of restore abilities {unknown}
 h - a potion of heal wounds {unknown}
 l - a potion of magic {unknown}
 n - a potion of resistance {unknown}
 q - 2 potions of agility
Books
 b - a book of Callings

   Spells                             Type                      Level
   a - Summon Small Mammal            Summoning                    1
   b - Call Imp                       Summoning                    2
   c - Call Canine Familiar           Summoning                    3
   d - Summon Guardian Golem          Hexes/Summoning              4
   e - Summon Lightning Spire         Summoning/Air                4
   f - Summon Ice Beast               Ice/Summoning                4
Comestibles
 c - a meat ration
 k - 2 bread rations
 p - a beef jerky
 r - 2 chunks of flesh


   Skills:
 * Level 2.9 Fighting
 + Level 2.5 Dodging
 - Level 1.5 Stealth
 * Level 2.2 Unarmed Combat
 - Level 2.4 Spellcasting
 - Level 2.9 Summonings


You had one spell level left.
You knew the following spells:

 Your Spells              Type           Power        Failure   Level  Hunger
a - Summon Small Mammal   Summ           ##..         10%         1    #......
b - Call Imp              Summ           ##......     12%         2    ###....
c - Call Canine Familiar  Summ           ##......     21%         3    ###....


Dungeon Overview and Level Annotations

Branches:
Dungeon (3/15)

Altars:
Ashenzari
Fedhas
The Shining One

Annotations:
D:3 inmateoo's ghost, average DEEE


Innate Abilities, Weirdness & Mutations

You are too large for most types of armour.
You have tough skin (AC +1).
Armour fits poorly on your strangely shaped body.


Message History

The rocky blast hits you!
Casting: Summon Small Mammal
Confirm with . or Enter, or press ? or * to list all spells.
You miscast Call Canine Familiar.
You are very lightly contaminated with residual magic.
Distant voices call out to you! Inmateoo's ghost hits you.
Unknown command.
Casting: Call Canine Familiar
Confirm with . or Enter, or press ? or * to list all spells.
You miscast Call Canine Familiar.
The world appears momentarily distorted.
Inmateoo's ghost hits you.
Unknown command.
Inmateoo's ghost points at you and mumbles some strange words.
The stone arrow hits you!
* * * LOW HITPOINT WARNING * * *
Inmateoo's ghost gestures at you while chanting.
The stone arrow hits you!
You die...

.......# #...........#..##.#
......######..............##.####
......###.........####..........#
#...#.....##.#.#...###..#.##.##.#
##.##...#.....#..#.)..#......##.#
#.....###.#.#.#...#.###.....##.#
##......#.##.#.#....## ##.>..##.#
..#.....[.##.#.#.<##.# #....###.#
#.###...#.##...#@.###.#.....# #.#
#.###...#.##..............### #.#
..................####.#### #.#
#.............W........# #.#
######>##.###.###.####
#......##.###.###.#
#.#######........#. ..#
#####.#.###. ### #.##.# #


You could see inmateoo's ghost.

Vanquished Creatures
  2 adders
  2 giant geckos
  An ooze (D:1)
  2 orcs (D:3)
  5 bats
  5 giant cockroaches
  4 goblins
  11 hobgoblins
  3 giant newts
  4 kobolds
  5 rats
44 creatures vanquished.

Vanquished Creatures (collateral kills)
  An adder (D:2)
  A giant mite (D:2)
  2 giant cockroaches
  3 goblins (D:1)
  5 hobgoblins
  A ball python (D:1)
  2 kobolds (D:1)
  A rat (D:1)
16 creatures vanquished.

Vanquished Creatures (others)
  A quokka (D:1)
  3 bats
  4 rats
8 creatures vanquished.

Grand Total: 68 creatures vanquished

Notes
Turn   | Place    | Note
--------------------------------------------------------------
     0 | D:1      | inmateoo, the Ogre Summoner, began the quest for the Orb.
     0 | D:1      | Reached XP level 1. HP: 16/16 MP: 3/3
    39 | D:1      | Reached XP level 2. HP: 15/26 MP: 0/5
   257 | D:1      | Learned a level 2 spell: Call Imp
   445 | D:1      | Reached skill level 1 in Unarmed Combat
   713 | D:1      | Reached skill level 1 in Fighting
  1150 | D:1      | Reached XP level 3. HP: 30/33 MP: 6/6
  1840 | D:2      | Found a glowing golden altar of the Shining One.
  1854 | D:2      | Learned a level 3 spell: Call Canine Familiar
  2029 | D:2      | Reached XP level 4. HP: 26/42 MP: 6/8
  2662 | D:3      | Found a blossoming altar of Fedhas.
  2693 | D:3      | Found a shattered altar of Ashenzari.
  3051 | D:3      | Gained mutation: You have a pair of small horns on your head. [potion of mutation]
  3051 | D:3      | Lost mutation: You have a pair of small horns on your head. [potion of mutation]
  3051 | D:3      | Gained mutation: Armour fits poorly on your strangely shaped body. [potion of mutation]
  3085 | D:3      | Noticed inmateoo's ghost (average DEEE)
  3097 | D:3      | Killed from afar by inmateoo's ghost

Action                   |  1- 3 |  4- 6 || total
-------------------------+-------+-------++-------
Melee: Club              |    55 |       ||    55
       Unarmed           |     2 |       ||     2
       Mace              |    82 |   106 ||   188
 Cast: Summon Small Mamm |    37 |     7 ||    44
  Use: Scroll            |     4 |     4 ||     8
       Potion            |       |     1 ||     1
 Stab: Distracted        |       |     1 ||     1
  Eat: Chunk             |     4 |     4 ||     8
